 Dungeon Crawl Stone Soup version 0.30-b1-2-g02819fbbbe (webtiles) character file.

Game seed: 18300557378153805096

4650 Arzdou the Nimble (level 10, 0/85 HPs)
             Began as a Merfolk Monk on May 27, 2023.
             Was a Priest of the Shining One.
             Slain by a fire elemental (5 damage)
             ... summoned by a deep elf pyromancer
             ... while petrified by a catoblepas
             ... on level 9 of the Dungeon.
             The game lasted 00:15:24 (7116 turns).

Arzdou the Nimble (Merfolk Monk)                    Turns: 7116, Time: 00:15:24

Health: 0/85       AC:  8    Str: 12    XL:     10   Next: 43%
Magic:  10/10      EV:  2    Int: 10    God:    the Shining One [***...]
Gold:   430        SH:  0    Dex: 20    Spells: 7/9 levels left

rFire   . . .        e - +3 falchion (freeze)
rCold   . . .        (no shield)
rNeg    + + +        m - +0 toga "Victory" {*Victory Clar}
rPois   ∞            j - +0 helmet
rElec   .            (no cloak)
rCorr   .            H - +2 pair of gloves
SInv    .            o - +1 pair of boots
Will    +....        w - amulet of the acrobat
Stlth   +            h - ring of willpower
HPRegen 0.34/turn    F - ring of flight
MPRegen 0.12/turn

%: acrobat, clarity
@: petrified, flying, glowing
A: (nimble swimmer 2), mertail
a: Renounce Religion, Divine Shield, Cleansing Flame


You were on level 9 of the Dungeon.
You worshipped the Shining One.
The Shining One was most pleased with you.
You visited 2 branches of the dungeon, and saw 10 of its levels.

You collected 430 gold pieces.

Inventory:

Hand Weapons
 e - a +3 falchion of freezing (weapon)
 f - a +1 short sword of flaming
 I - a +6 falchion
Missiles
 p - 4 javelins
 r - 5 poisoned darts
 J - 2 silver javelins
Armour
 b - a +0 buckler
 d - +0 acid dragon scales
 j - a +0 helmet (worn)
 m - the +0 toga "Victory" (worn) {*Victory Clar}
   (You found it on level 8 of the Dungeon)

   *Victory:  When the wearer kills a threatening monster, it has a chance to
   gain +1 AC, +1 Slay, and +1 Int, capping at +7.
   When the wearer uses a scroll or a potion with a hostile monster in sight,
   its bonuses reset to +0.
   Unequipping it also resets its bonuses to +0.
   Clar:      It protects you from confusion, rage, mesmerisation and fear.
 o - a +1 pair of boots (worn)
 H - a +2 pair of gloves (worn)
 M - a +1 robe of willpower
Jewellery
 h - a ring of willpower (left hand)
 w - an amulet of the acrobat (around neck)
 F - a ring of flight (right hand)
 R - a ring of ice
Wands
 D - a wand of flame (29) (quivered)
 K - a wand of digging (4)
 N - a wand of polymorph (4)
Scrolls
 a - a scroll of blinking
 i - a scroll of poison {unknown}
 k - a scroll of brand weapon {unknown}
 n - 2 scrolls of fog {unknown}
 q - 2 scrolls of noise
 s - 4 scrolls of teleportation {unknown}
 u - 4 scrolls of enchant weapon
 v - 3 scrolls of enchant armour
 x - a scroll of immolation
 y - 2 scrolls of magic mapping {unknown}
 z - 4 scrolls of vulnerability
 E - 2 scrolls of identify
 O - a scroll of amnesia {unknown}
 S - a scroll of fear {unknown}
Potions
 c - a potion of ambrosia
 g - a potion of berserk rage
 l - a potion of brilliance {unknown}
 t - a potion of resistance {unknown}
 A - a potion of cancellation {unknown}
 B - 2 potions of lignification
 C - 2 potions of degeneration {unknown}
 G - a potion of mutation {unknown}
 L - a potion of heal wounds {unknown}
 P - a potion of haste {unknown}
 Q - a potion of attraction {unknown}


   Skills:
 - Level 10.0 Fighting
 - Level 10.0 Long Blades
 - Level 12.0 Dodging
 + Level 3.9 Shields


You had 7 spell levels left.
You knew the following spells:

 Your Spells              Type           Power      Damage    Failure   Level
a - Blink                 Tloc           0%         N/A       50%         2

Your spell library contained the following spells:

 Spells                   Type           Power      Damage    Failure   Level
 Kiss of Death            Conj/Necr      0%         2d5       36%         1
 Lesser Beckoning         Tloc           0%         N/A       50%         2
 Momentum Strike          Conj/Tloc      0%         3d8       50%         2
 Confusing Touch          Hex            0%         N/A       75%         3
 Hailstorm                Conj/Ice       0%         3d3       75%         3
 Ozocubu's Armour         Ice            0%         N/A       75%         3
 Dispel Undead            Necr           0%         3d6       98%         4
 Freezing Cloud           Conj/Ice/Air   0%         6-21      100%        5
 Simulacrum               Ice/Necr       0%         N/A       100%        6


Dungeon Overview and Level Annotations

Branches:
Dungeon (9/15)             Temple (1/1) D:4
   Lair: D:8-11         Orc: D:9-12

Altars:
Cheibriados
Dithmenos
Elyvilon
Fedhas
Gozag
Hepliaklqana
Kikubaaqudgha
Makhleb
Nemelex Xobeh
Okawaru
Qazlal
Ru
Sif Muna
Trog
Uskayaw
Vehumet
Wu Jian
Xom
Yredelemnul
Zin
The Shining One


Innate Abilities, Weirdness & Mutations

((You are very nimble when in or above water. (Stealth+, EV+, Speed+++)))
Your lower body shifts to a powerful aquatic tail in water.


Message History

Found a stone staircase leading down.
You are engulfed in calcifying dust.
You are slowing down.
The death knight's dark mirror aura disappears.
The deep elf pyromancer mumbles some strange words.
Okay, then.
Really read with monsters nearby while wearing the +1 toga "Victory"?
Blink to where?
Press: ? - help, Dir - move target
As you read the scroll labelled OHUCEA LIOTO, it crumbles to dust.
It was a scroll of blinking.
The +0 toga "Victory" stops glowing.
The death knight stops moving altogether!
The death knight is engulfed in calcifying dust. x2
The deep elf pyromancer gestures wildly while chanting.
The deep elf pyromancer blinks!
Your limbs are stiffening.
Unknown command.
Unknown command.
Unknown command.
You have turned to stone.
The fire elemental hits you. The fire elemental burns you!
The cyclops hits you!! The fire elemental hits you.
The fire elemental burns you! The fire elemental hits you.
The fire elemental burns you! The cyclops hits you!!
The fire elemental hits you. The fire elemental burns you!
The fire elemental hits you. The fire elemental burns you!
The cyclops hits you! The fire elemental hits you.
The fire elemental burns you!
The death knight offers itself to Yredelemnul, and fills with unholy energy.
The fire elemental hits you. The fire elemental burns you!
* * * LOW HITPOINT WARNING * * *
The cyclops hits you!!
* * * LOW HITPOINT WARNING * * *
The fire elemental hits you. The fire elemental burns you!
* * * LOW HITPOINT WARNING * * *
The fire elemental completely misses you.
The cyclops hits you!! The Shining One protects you from harm!
The fire elemental hits you. The fire elemental burns you!
You die...

......##......#...#..#
......##......#......#
.............=#.#.##.#
....#....######.#.##.#
......Y.........####.#
##.?.§.........# #.#
.##....§..p....p# #.#
.......§.....oEC# #p#
....#..§..☼.e☼#@# ##.#
....#...§°....#.###..#
.. #...§.E...#.##..##
#....e°...#.#[.##
#........[#.#.##
#....######.#p#
............#.#
..>............#
###########


You could see 2 death knights, a cyclops, a fire elemental (summoned) and an orc
wizard.

Vanquished Creatures
  A shadow (D:9)
  4 yaks (D:9)
  2 wyverns (D:8)
  Eustachio (D:4)
  An acid dragon (D:8)
  2 water moccasins
  A black bear (D:5)
  2 sky beasts
  3 ice beasts
  An ogre (D:6)
  A centaur (D:6)
  A phantom (D:6)
  2 bullfrogs
  A wyvern zombie (D:5)
  A gnoll sergeant (D:8)
  A necrophage (D:5)
  6 scorpions
  8 wights
  A water moccasin zombie (D:5)
  A human zombie (D:5)
  2 jellies (D:5)
  2 bullfrog zombies (D:5)
  4 hounds
  5 orc priests
  8 iguanas
  A scorpion zombie (D:5)
  8 orc wizards
  A killer bee zombie (D:5)
  A hound zombie (D:5)
  A mummy (D:5)
  Robin (D:2)
  10 adders
  11 gnolls
  A shadow imp (D:6)
  A white imp (D:6)
  2 ufetubi (D:6)
  An adder zombie (D:5)
  5 worms
  17 orcs
  6 bats
  5 endoplasms
  2 giant cockroaches
  13 goblins
  6 hobgoblins
  2 jackals (D:4)
  8 kobolds
  5 quokkas
  14 ball pythons
  2 frilled lizards (D:1)
  6 rats
192 creatures vanquished.

Notes
Turn   | Place    | Note
-------+----------+-------------------------------------------
     0 | D:1      | Arzdou the Merfolk Monk began the quest for the Orb.
     0 | D:1      | Reached XP level 1. HP: 18/18 MP: 1/1
    14 | D:1      | You fall into a shaft and drop 1 floor!
    44 | D:1      | Reached XP level 2. HP: 24/24 MP: 2/2
   265 | D:1      | Reached XP level 3. HP: 29/30 MP: 3/3
   873 | D:2      | Reached skill level 5 in Long Blades
   873 | D:2      | Reached XP level 4. HP: 34/37 MP: 4/4
   949 | D:2      | Got the Secrets of the Icicle
  1122 | D:2      | Noticed Robin
  1131 | D:2      | Killed Robin
  1331 | D:3      | Reached XP level 5. HP: 42/42 MP: 5/5
  1698 | D:3      | Identified the +2 rapier "Dragon's Tongue" {drain, rElec}
  1893 | D:4      | Reached XP level 6. HP: 38/48 MP: 6/6
  1934 | D:4      | Found a staircase to the Ecumenical Temple.
  1946 | Temple   | Entered the Ecumenical Temple
  2138 | D:4      | Found a shimmering blue altar of Sif Muna.
  2142 | D:4      | Found a shimmering altar of Xom.
  2142 | D:4      | Noticed Eustachio
  2479 | D:4      | Found a sacrificial altar of Ru.
  2508 | D:5      | Entered Level 5 of the Dungeon
  2695 | D:5      | Reached XP level 7. HP: 48/53 MP: 7/7
  2726 | D:4      | Found a bloodstained altar of Trog.
  2726 | D:4      | Found a snail-covered altar of Cheibriados.
  2736 | D:4      | Killed Eustachio
  2875 | D:6      | Reached skill level 10 in Long Blades
  3141 | D:5      | Reached skill level 5 in Fighting
  3141 | D:5      | Reached XP level 8. HP: 61/62 MP: 8/8
  3660 | D:5      | Found a basalt altar of Yredelemnul.
  3729 | D:6      | Found a glowing golden altar of the Shining One.
  3749 | D:6      | Became a worshipper of the Shining One
  3749 | D:6      | Reached * piety under the Shining One
  3749 | D:6      | Reached ** piety under the Shining One
  3862 | D:6      | Reached XP level 9. HP: 73/76 MP: 9/9
  4151 | D:6      | Reached skill level 10 in Fighting
  4407 | D:6      | Reached skill level 5 in Dodging
  4431 | D:6      | Reached skill level 6 in Dodging
  4721 | D:6      | Reached skill level 7 in Dodging
  4933 | D:7      | Reached skill level 8 in Dodging
  5405 | D:7      | Identified the +1 sling of Xuyfino {heavy, Drain Int+4
                  | Dex+2}
  5687 | D:7      | Reached skill level 9 in Dodging
  5799 | D:7      | Found a white marble altar of Elyvilon.
  5806 | D:7      | Found a blossoming altar of Fedhas.
  5809 | D:7      | Found an opulent altar of Gozag.
  6023 | D:8      | Reached skill level 10 in Dodging
  6199 | D:8      | Reached *** piety under the Shining One
  6200 | D:8      | Reached XP level 10. HP: 52/83 MP: 10/10
  6329 | D:8      | Reached skill level 11 in Dodging
  6406 | D:8      | Reached skill level 1 in Shields
  6640 | D:8      | Found the +0 toga "Victory" {*Victory Clar}
  6958 | D:8      | Learned a level 2 spell: Blink
  6984 | D:9      | Reached skill level 12 in Dodging
  7048 | D:9      | Noticed a deep elf pyromancer
  7055 | D:9      | Noticed a death knight
  7058 | D:9      | Noticed a cyclops
  7098 | D:9      | Noticed a catoblepas
  7100 | D:9      | Noticed a death knight
  7114 | D:9      | HP: 4/85 [fire elemental[a deep elf pyromancer] (3)]
  7115 | D:9      | The Shining One protects you from harm!
  7116 | D:9      | Slain by a fire elemental

Illustrated notes

Levels and vault maps discovered:
D:1:      roderic_octagonal_star, layout_rooms, minmay_pentomino_s2
D:2:      layout_loops_cross, minmay_fractal_squares_5, uniq_robin
D:3:      layout_rooms, hangedman_glass_teeth
D:4:      layout_cave_pools, nicolae_ru_the_path_less_chosen,
          nicolae_overflow_hidden_temple, minmay_temple_entry_ruins,
          serial_column_ruins, column_ruins_open_small,
          column_ruins_columns_straight, column_ruins_open_tiny,
          column_ruins_corridor_corner, minmay_misc_feat_alley,
          minmay_misc_feat_five, uniq_eustachio
D:5:      layout_rooms, lemuel_mausoleum_altar_yredelemnul
D:6:      layout_basic, mainiacjoe_overflow_catwalk, minmay_misc_feat_hallway,
          grunt_ministairs_9
D:7:      layout_basic, minmay_overflow_temple_star_quad
D:8:      layout_basic, fountainhead
D:9:      minmay_cut_squares, layout_basic, david_orc_3, special_room
          [special_room_bee], amcnicky_mini_corridor_feature
Temple:   chequers_temple_sunken

Skill      XL: |  1  2  3  4  5  6  7  8  9 10 |
---------------+-------------------------------+-----
Long Blades    | 4 5 7 8 10 | 10.0
Fighting       | 5 9 10 | 10.0
Dodging        | 10 12 | 12.0
Shields        | 3 |  3.9

Action                     |  1- 3 |  4- 6 |  7- 9 | 10-12 || total
---------------------------+-------+-------+-------+-------++-------
  Melee: Falchion          |    58 |   125 |   345 |    76 ||   604
  Throw: Javelin           |       |     5 |       |       ||     5
 Invoke: Divine Shield     |       |       |     1 |       ||     1
  Evoke: Wand              |       |     1 |       |       ||     1
    Use: Scroll            |       |     2 |     5 |     1 ||     8
         Potion            |       |     2 |     2 |       ||     4
   Stab: Distracted        |       |     1 |       |       ||     1
 Armour: Robe              |    13 |    25 |    98 |    13 ||   149
  Dodge: Dodged            |    40 |    78 |   242 |    52 ||   412
  Block: Orb               |       |       |     3 |       ||     3
